[ AOE2 MATCH · #496001377 ]
UnrankedKoreans vs Bohemians
Player's team · WIN
[ REPLAY ANALYSIS · EXTRACTED FROM THE RECORDED GAME ]
Feudal
9:56
Castle
—
Imperial
—
| APM avg | 73.3 |
| APM peak | 113 |
| eAPM avg | 36.8 |
| Villagers / military | 54 / 38 |
Focus
⚔️ 60.5% · 🌾 39.5%
Archer ×21 · Skirmisher ×8 · Militia ×5 · Scout Cavalry ×4
Feudal
9:26
Castle
—
Imperial
—
| APM avg | 51.8 |
| APM peak | 105 |
| eAPM avg | 23.7 |
| Villagers / military | 52 / 30 |
Focus
⚔️ 34.7% · 🌾 65.3%
Skirmisher ×11 · Archer ×9 · Militia ×6 · Spearman ×2 · Scout Cavalry ×2
Match map
Initial resources + every placement click. Lines = walls · curves = elevation contours. ◆ gold · ⬟ stone · ● berries · ✦ relic · ◌ wall gap
Your base· Open — unwalled flank
GdR | ChiattoneDevastante's base· Open — unwalled flank
Smoothed initial terrain · ◌ = detected wall gap · hover for details
Inputs per minute
— aLovingHusband - - GdR | ChiattoneDevastante
Build order — aLovingHusband
First 150 of 160 actions detected
| 0:00 | Create | Villager (Male) |
| 0:01 | Create | Villager (Male) |
| 0:02 | Build | House |
| 0:03 | Build | House |
| 0:13 | Create | Villager (Male) |
| 0:14 | Create | Villager (Male) |
| 0:14 | Create | Villager (Male) |
| 1:30 | Create | Villager (Male) |
| 1:31 | Create | Villager (Male) |
| 1:53 | Build | Lumber Camp |
| 1:59 | Create | Villager (Male) |
| 1:59 | Create | Villager (Male) |
| 2:28 | Create | Villager (Male) |
| 2:30 | Create | Villager (Male) |
| 2:55 | Create | Villager (Male) |
| 3:25 | Create | Villager (Male) |
| 3:26 | Create | Villager (Male) |
| 3:44 | Create | Villager (Male) |
| 3:45 | Create | Villager (Male) |
| 3:50 | Build | House |
| 3:53 | Create | Villager (Male) |
| 3:53 | Create | Villager (Male) |
| 4:37 | Create | Villager (Male) |
| 4:37 | Create | Villager (Male) |
| 4:37 | Create | Villager (Male) |
| 4:37 | Create | Villager (Male) |
| 5:06 | Build | Barracks |
| 5:54 | Build | House |
| 5:56 | Create | Villager (Male) |
| 5:58 | Build | Palisade Wall |
| 6:03 | Create | Militia |
| 6:03 | Create | Militia |
| 6:03 | Create | Militia |
| 6:22 | Research | Loom |
| 6:32 | Build | House |
| 6:55 | Create | Villager (Male) |
| 6:58 | Build | Mill |
| 7:18 | Create | Villager (Male) |
| 7:46 | Research | Feudal Age |
| 8:25 | Create | Militia |
| 8:25 | Create | Militia |
| 8:33 | Build | Mill |
| 9:02 | Build | Mining Camp |
| 9:54 | Create | Villager (Male) |
| 9:56 | Age | Feudal Age |
| 10:01 | Research | Man-at-Arms (upgrade) |
| 10:45 | Create | Villager (Male) |
| 10:47 | Build | Archery Range |
| 11:14 | Create | Villager (Male) |
| 11:15 | Create | Villager (Male) |
| 11:15 | Create | Villager (Male) |
| 11:29 | Create | Villager (Male) |
| 11:53 | Build | Blacksmith |
| 11:55 | Create | Villager (Male) |
| 11:59 | Create | Archer |
| 11:59 | Create | Archer |
| 12:16 | Create | Archer |
| 12:18 | Create | Villager (Male) |
| 12:31 | Build | House |
| 12:37 | Build | Farm |
| 12:47 | Research | Fletching |
| 12:47 | Research | Fletching |
| 12:48 | Create | Villager (Male) |
| 12:57 | Build | Farm |
| 13:05 | Create | Archer |
| 13:06 | Create | Archer |
| 13:16 | Create | Villager (Male) |
| 13:32 | Build | Farm |
| 13:43 | Create | Villager (Male) |
| 13:48 | Create | Skirmisher |
| 13:48 | Create | Skirmisher |
| 13:53 | Build | House |
| 13:58 | Create | Villager (Male) |
| 13:58 | Create | Villager (Male) |
| 13:59 | Create | Villager (Male) |
| 14:45 | Create | Archer |
| 15:07 | Build | Watch Tower |
| 15:09 | Create | Archer |
| 15:09 | Create | Skirmisher |
| 15:27 | Create | Skirmisher |
| 15:27 | Create | Archer |
| 15:27 | Create | Skirmisher |
| 15:38 | Create | Villager (Male) |
| 16:10 | Create | Archer |
| 16:10 | Create | Skirmisher |
| 16:10 | Create | Archer |
| 16:11 | Create | Villager (Male) |
| 16:11 | Create | Villager (Male) |
| 16:11 | Create | Villager (Male) |
| 16:31 | Create | Villager (Male) |
| 16:41 | Build | Palisade Wall |
| 16:41 | Build | Palisade Wall |
| 16:42 | Build | Palisade Wall |
| 16:43 | Build | Palisade Wall |
| 16:43 | Build | Palisade Wall |
| 16:45 | Build | Palisade Wall |
| 16:45 | Build | Palisade Wall |
| 16:50 | Create | Skirmisher |
| 16:50 | Create | Archer |
| 17:06 | Create | Villager (Male) |
| 17:08 | Build | Farm |
| 17:08 | Build | Farm |
| 17:08 | Build | Farm |
| 17:08 | Build | Farm |
| 17:09 | Build | Farm |
| 17:09 | Build | Farm |
| 17:09 | Build | Farm |
| 17:11 | Build | House |
| 17:43 | Create | Villager (Male) |
| 17:44 | Create | Archer |
| 17:45 | Create | Archer |
| 17:46 | Build | House |
| 18:02 | Create | Archer |
| 18:15 | Create | Villager (Male) |
| 18:16 | Build | Farm |
| 18:17 | Build | Farm |
| 18:17 | Build | Farm |
| 18:17 | Build | Farm |
| 18:17 | Build | Farm |
| 18:18 | Build | Farm |
| 18:26 | Build | Farm |
| 18:46 | Build | Mining Camp |
| 18:49 | Create | Archer |
| 18:58 | Create | Villager (Male) |
| 19:08 | Build | Stable |
| 19:17 | Build | Farm |
| 19:27 | Create | Skirmisher |
| 19:33 | Create | Villager (Male) |
| 19:42 | Create | Archer |
| 19:59 | Build | Farm |
| 19:59 | Build | Farm |
| 20:00 | Build | Farm |
| 20:00 | Build | Farm |
| 20:00 | Build | Farm |
| 20:07 | Create | Villager (Male) |
| 20:10 | Build | House |
| 20:11 | Build | House |
| 20:13 | Create | Scout Cavalry |
| 20:13 | Create | Scout Cavalry |
| 20:14 | Create | Archer |
| 20:17 | Build | House |
| 20:24 | Research | Wheelbarrow |
| 20:30 | Create | Scout Cavalry |
| 20:34 | Create | Archer |
| 20:47 | Create | Villager (Male) |
| 20:51 | Build | House |
| 20:54 | Build | Palisade Wall |
| 20:56 | Build | Palisade Wall |
| 20:56 | Build | Palisade Wall |
| 21:11 | Create | Archer |
Build order — GdR | ChiattoneDevastante
131 actions detected in the replay
| 0:02 | Create | Villager (Male) |
| 0:02 | Create | Villager (Male) |
| 0:02 | Create | Villager (Male) |
| 0:03 | Build | House |
| 0:05 | Build | House |
| 0:10 | Create | Villager (Male) |
| 0:10 | Create | Villager (Male) |
| 1:31 | Create | Villager (Male) |
| 1:54 | Build | Lumber Camp |
| 1:56 | Create | Villager (Male) |
| 1:57 | Create | Villager (Male) |
| 2:21 | Create | Villager (Male) |
| 2:48 | Create | Villager (Male) |
| 3:11 | Create | Villager (Male) |
| 3:39 | Create | Villager (Male) |
| 3:51 | Build | House |
| 3:53 | Build | Mill |
| 3:56 | Create | Villager (Male) |
| 4:27 | Create | Villager (Male) |
| 4:28 | Create | Villager (Male) |
| 5:12 | Create | Villager (Male) |
| 5:26 | Create | Villager (Male) |
| 5:33 | Create | Villager (Male) |
| 5:34 | Research | Loom |
| 6:33 | Build | Barracks |
| 7:15 | Build | House |
| 7:16 | Research | Feudal Age |
| 7:29 | Create | Militia |
| 7:55 | Create | Militia |
| 7:55 | Create | Militia |
| 7:59 | Build | House |
| 8:25 | Create | Villager (Male) |
| 8:25 | Create | Militia |
| 8:58 | Build | Mill |
| 9:26 | Age | Feudal Age |
| 9:26 | Research | Man-at-Arms (upgrade) |
| 9:49 | Create | Villager (Male) |
| 9:56 | Create | Villager (Male) |
| 10:11 | Create | Villager (Male) |
| 10:22 | Create | Villager (Male) |
| 10:26 | Create | Villager (Male) |
| 10:46 | Build | Archery Range |
| 11:22 | Create | Villager (Male) |
| 11:24 | Build | House |
| 11:38 | Build | Mining Camp |
| 11:44 | Create | Archer |
| 11:44 | Create | Archer |
| 11:47 | Build | Blacksmith |
| 12:20 | Create | Villager (Male) |
| 12:20 | Create | Villager (Male) |
| 12:25 | Create | Archer |
| 12:33 | Build | Farm |
| 12:36 | Build | House |
| 12:51 | Build | Farm |
| 12:52 | Create | Archer |
| 12:52 | Create | Archer |
| 12:54 | Create | Villager (Male) |
| 13:02 | Build | Palisade Wall |
| 13:05 | Build | Palisade Wall |
| 13:10 | Build | Palisade Wall |
| 13:14 | Build | Palisade Wall |
| 13:15 | Create | Archer |
| 13:24 | Create | Villager (Male) |
| 13:25 | Create | Villager (Male) |
| 13:26 | Build | Farm |
| 13:27 | Build | Farm |
| 13:30 | Build | Farm |
| 13:32 | Build | Farm |
| 13:49 | Create | Villager (Male) |
| 13:49 | Create | Villager (Male) |
| 13:51 | Create | Archer |
| 14:17 | Create | Villager (Male) |
| 14:17 | Create | Villager (Male) |
| 14:47 | Build | House |
| 14:49 | Build | House |
| 15:00 | Research | Fletching |
| 15:01 | Create | Villager (Male) |
| 15:09 | Create | Archer |
| 15:22 | Create | Villager (Male) |
| 15:38 | Create | Villager (Male) |
| 16:13 | Create | Villager (Male) |
| 16:20 | Build | Farm |
| 16:23 | Create | Militia |
| 16:24 | Create | Militia |
| 16:24 | Create | Villager (Male) |
| 16:34 | Create | Skirmisher |
| 16:42 | Build | Lumber Camp |
| 16:49 | Build | House |
| 17:03 | Create | Skirmisher |
| 17:04 | Create | Villager (Male) |
| 17:06 | Build | House |
| 17:13 | Create | Archer |
| 17:15 | Build | House |
| 17:27 | Create | Skirmisher |
| 17:50 | Create | Skirmisher |
| 17:51 | Create | Villager (Male) |
| 17:57 | Create | Villager (Male) |
| 18:06 | Create | Villager (Male) |
| 18:12 | Build | Palisade Wall |
| 18:16 | Create | Skirmisher |
| 18:24 | Build | Palisade Wall |
| 18:27 | Create | Villager (Male) |
| 18:29 | Create | Villager (Male) |
| 18:43 | Create | Skirmisher |
| 18:52 | Create | Skirmisher |
| 19:22 | Create | Skirmisher |
| 19:36 | Build | Mining Camp |
| 19:42 | Build | Farm |
| 19:43 | Build | House |
| 19:54 | Create | Villager (Male) |
| 19:56 | Create | Skirmisher |
| 20:00 | Build | Farm |
| 20:09 | Build | House |
| 20:22 | Build | Farm |
| 20:25 | Build | Farm |
| 20:27 | Create | Villager (Male) |
| 20:28 | Create | Skirmisher |
| 20:41 | Research | Padded Archer Armor |
| 20:43 | Create | Villager (Male) |
| 20:46 | Build | Farm |
| 20:49 | Research | Double-Bit Axe |
| 21:23 | Create | Villager (Male) |
| 21:28 | Create | Spearman |
| 21:28 | Create | Spearman |
| 21:31 | Build | Stable |
| 21:58 | Create | Scout Cavalry |
| 21:58 | Create | Scout Cavalry |
| 22:12 | Create | Villager (Male) |
| 22:12 | Create | Villager (Male) |
| 22:42 | Create | Skirmisher |
| 22:46 | Create | Villager (Male) |
Match timeline
| 5:06 | aLovingHusband · first_building Barracks |
| 5:58 | aLovingHusband · wall_segment Palisade Wall x1 |
| 6:33 | GdR | ChiattoneDevastante · first_building Barracks |
| 9:26 | GdR | ChiattoneDevastante · age_up feudal |
| 9:56 | aLovingHusband · age_up feudal |
| 10:46 | GdR | ChiattoneDevastante · first_building Archery Range |
| 10:47 | aLovingHusband · first_building Archery Range |
| 13:02 | GdR | ChiattoneDevastante · wall_segment Palisade Wall x5 |
| 13:05 | GdR | ChiattoneDevastante · wall_segment Palisade Wall x1 |
| 13:10 | GdR | ChiattoneDevastante · wall_segment Palisade Wall x7 |
| 13:14 | GdR | ChiattoneDevastante · wall_segment Palisade Wall x12 |
| 16:41 | aLovingHusband · wall_segment Palisade Wall x1 |
| 16:41 | aLovingHusband · wall_segment Palisade Wall x1 |
| 16:42 | aLovingHusband · wall_segment Palisade Wall x1 |
| 16:43 | aLovingHusband · wall_segment Palisade Wall x1 |
| 16:43 | aLovingHusband · wall_segment Palisade Wall x1 |
| 16:45 | aLovingHusband · wall_segment Palisade Wall x1 |
| 16:45 | aLovingHusband · wall_segment Palisade Wall x1 |
| 18:12 | GdR | ChiattoneDevastante · wall_segment Palisade Wall x4 |
| 18:24 | GdR | ChiattoneDevastante · wall_segment Palisade Wall x1 |
| 19:08 | aLovingHusband · first_building Stable |
| 20:54 | aLovingHusband · wall_segment Palisade Wall x9 |
| 20:56 | aLovingHusband · wall_segment Palisade Wall x4 |
| 20:56 | aLovingHusband · wall_segment Palisade Wall x3 |
| 21:31 | GdR | ChiattoneDevastante · first_building Stable |
| 22:56 | GdR | ChiattoneDevastante · resign |
[ AI ANALYSIS · 1 CREDIT ]
What really happened in this match?
Wolo.gg analyzes every decision: build order, eco, micro, common mistakes by bracket. Personalized analysis on WhatsApp or Discord in 30 seconds.
Civ guide
Koreans
Perfil
aLovingHusband